[Event "*** SCC Grand Prix: Titled Tuesday Blitz"]
[Site "Chess.com"]
[Date "2020.08.04"]
[Round "5"]
[White "lacafi"]
[Black "wild_cat99"]
[Result "0-1"]
[WhiteElo "2043"]
[BlackElo "2656"]
[TimeControl "180+1"]
[EndTime "14:39:32 PDT"]
[Termination "wild_cat99 won on time"]

1. d4 Nf6 2. Nf3 e6 3. e3 d5 4.
Bd3 c5 5. c3 b6 6. Nbd2 Bb7 7.
Qe2 Nc6 8. O-O Bd6 9. Re1 O-O 10. dxc5 bxc5 11. e4 Bf4 12. e5 Nd7 13. g3 Bxe5 14. Nxe5 Ndxe5 15. Bc2 d4 16. Qb5 Qc7 17. Be4 Rab8 18.
Qa4 f5 19. Bg2 f4 20. Be4 fxg3 21. hxg3 Qf7 22. f4 g5 23. Nf3 Nxf3+ 24. Bxf3 e5 25. Qc2 gxf4 26. gxf4 exf4 27. Kf2 Rbe8 28. Bd2 Re3 29.
c4 Rxf3+ 30. Kxf3 Ne5+ 31. Kf2 Qh5 32. Rg1+ Kh8 33. Qb3 Qh2+ 34. Kf1 Nf3 35. Qxb7 Nxd2+ 0-1

[Event "*** SCC Grand Prix: Titled Tuesday Blitz"]
[Site "Chess.com"]
[Date "2020.08.04"]
[Round "5"]
[White "binbin239"]
[Black "vesalhamedinia"]
[Result "1-0"]
[WhiteElo "2534"]
[BlackElo "2278"]
[TimeControl "180+1"]
[EndTime "14:39:32 PDT"]
[Termination "binbin239 won by resignation"]

1. d4 d5 2. c4 e6 3. Nf3 Nf6 4. g3 Bb4+ 5. Bd2 Be7 6. Bg2 O-O 7. O-O Nbd7 8. Qc2 c6 9. Bf4 b6 10.
Nbd2 Nh5 11. Be3 Bb7 12. Ne5 f5 13. Ndf3 Rc8 14. Rfd1 Nhf6 15. Ng5 Nxe5 16. dxe5 Ng4 17.
Nxe6 Nxe3 18. fxe3 Qd7 19. Nxf8 Rxf8 20. cxd5 cxd5 21.
Rac1 Bc5 22. Qd3 g6 23. b4 Bxb4 24. Bxd5+ Bxd5 25. Qxd5+ Qxd5 26. Rxd5 Bc5 27. Kg2 Bxe3 28. Rc7 Re8 29. Rxa7 b5 30. Rb7 Ra8 31. Kf3 Bg5 32. h4 Bh6 33. e6 Ra3+ 34. Kg2 Re3 35. Rd8+ Bf8 36. e7 1-0

[Event "*** SCC Grand Prix: Titled Tuesday Blitz"]
[Site "Chess.com"]
[Date "2020.08.04"]
[Round "5"]
[White "LyonBeast"]
[Black "12teen"]
[Result "1-0"]
[WhiteElo "3024"]
[BlackElo "2679"]
[TimeControl "180+1"]
[EndTime "14:39:34 PDT"]
[Termination "LyonBeast won by resignation"]

1. d4 b6 2. e4 Bb7 3. Nc3 e6 4.
a3 Nf6 5. Bd3 d5 6. e5 Nfd7 7.
Nce2 c5 8. c3 Nc6 9. Nf3 a6 10. h4 Qc7 11. h5 b5 12. h6 g6 13.
Bg5 Be7 14. Bxe7 Kxe7 15. Qd2 c4 16. Bc2 Raf8 17. Qg5+ Ke8 18. Nf4 Qd8 19. Qg3 a5 20. Ng5 Qe7 21. O-O a4 22. Rae1 Kd8 23. Nxd5 exd5 24.
e6 Kc8 25. exf7 Qf6 26. Ne6 Nde5 27. Nxf8 Rxf8 28. dxe5 Qxf7 29. e6 Qe7 30. f4 d4 31. Be4 d3 32. f5 gxf5 33. Rxf5 Rxf5 34. Bxf5 Nd8 35. Qe5 Bc6 36. Bh3 Be8 37. Rf1 Qa7+ 38.
Kh1 Qe7 39. Rf7 d2 40. Rxe7 d1=N 1-0

[Event "*** SCC Grand Prix: Titled Tuesday Blitz"]
[Site "Chess.com"]
[Date "2020.08.04"]
[Round "5"]
[White "AbigailCabezas"]
[Black "NotFischer"]
[Result "0-1"]
[WhiteElo "1385"]
[BlackElo "2204"]
[TimeControl "180+1"]
[EndTime "14:39:38 PDT"]
[Termination "NotFischer won by resignation"]

1. e4 d5 2. exd5 Nf6 3. Nc3 Nxd5 4. Nge2 Nc6 5. Nxd5 Qxd5 6. Nc3 Qd8 7. Be2 e5 8. O-O Be7 9. d3 O-O 10. Re1 Be6 11.
h3 Nd4 12. Bf3 f6 13. Bxb7 Rb8 14. Bf3 c5 15. Be3 Rxb2 16. Bxd4 cxd4 17. Ne4 Qa5 18. a4 Rc8 19. Bg4 f5 20. Bxf5 Bxf5 21. Ng3 Bg6 22. Qf3 Rcxc2 23. Nf5 Bf8 24. Nh4 Rxf2 25. Qxf2 Rxf2 26. Kxf2 Qd2+ 27. Kg1 Bd6 28. Nf3 Qf4 29. Rab1 Bxd3 30. Rb7 Be4 31. Rxa7 Bxf3 32. Ra8+ Bxa8 0-1

[Event "*** SCC Grand Prix: Titled Tuesday Blitz"]
[Site "Chess.com"]
[Date "2020.08.04"]
[Round "5"]
[White "Shota_Azaladze"]
[Black "djano"]
[Result "1-0"]
[WhiteElo "2694"]
[BlackElo "2429"]
[TimeControl "180+1"]
[EndTime "14:39:41 PDT"]
[Termination "Shota_Azaladze won by resignation"]

1. Nf3 d5 2. g3 c6 3. Bg2 Bf5 4. O-O e6 5. c4 Nf6 6. d3 Be7 7. Qb3 Qc8 8. Nc3 O-O 9. Be3 Nbd7 10. Rac1 Nc5 11. Bxc5 Bxc5 12. cxd5 exd5 13. Nxd5 cxd5 14. d4 b6 15. dxc5 bxc5 16. Qa3 Qe6 17. Qxc5 Rfc8 18. Qa3 Qxe2 19. Rxc8+ Rxc8 20. Nd4 Qd3 21. Nxf5 Qxf5 22.
Qxa7 g6 23. Qd4 Rc2 24. Re1 Ne4 25. Bxe4 dxe4 26. Rxe4 Rc8 27. Kg2 h5 28. h4 Qa5 29.
a3 Qa8 30. Kh2 Rd8 31. Qe3 Qc6 32. a4 Kh7 33. a5 Qf6 34. Rf4 Qg7 35. b4 Kg8 36.
Re4 Kf8 37. a6 Qf6 38. a7 Qa6 39. Qc5+ Kg8 40. b5 Qa2 41. b6 Qb1 42. Qe3 Qb5 43. Re7 Qc6 44. Rc7 Qf6 45. Qf4 Qe6 46. Qxf7+ Qxf7 47. Rxf7 Kxf7 48. b7 1-0

[Event "*** SCC Grand Prix: Titled Tuesday Blitz"]
[Site "Chess.com"]
[Date "2020.08.04"]
[Round "5"]
[White "KyrgyzFighter"]
[Black "elohunter1999"]
[Result "1-0"]
[WhiteElo "2324"]
[BlackElo "2466"]
[TimeControl "180+1"]
[EndTime "14:39:41 PDT"]
[Termination "KyrgyzFighter won by resignation"]

1. c4 Nf6 2. Nc3 e6 3. e4 d5 4. e5 d4 5. exf6 dxc3 6. bxc3 Qxf6 7. Nf3 b6 8. Be2 Bb7 9. O-O Bd6 10. d4 h6 11. Rb1 c5 12. Ba3 Nd7 13. Qa4 Ke7 14. Rfd1 Rhd8 15. d5 exd5 16. cxd5 Kf8 17. Bb2 Ne5 18. c4 Re8 19. Nd2 Qg6 20. Bxe5 Rxe5 21. Bf3 Kg8 22. Re1 Qd3 23. Ne4 Rae8 24. Rbd1 Rxe4 25.
Qxe8+ 1-0

[Event "*** SCC Grand Prix: Titled Tuesday Blitz"]
[Site "Chess.com"]
[Date "2020.08.04"]
[Round "5"]
[White "Batsai"]
[Black "harkerchess"]
[Result "0-1"]
[WhiteElo "2350"]
[BlackElo "2134"]
[TimeControl "180+1"]
[EndTime "14:39:42 PDT"]
[Termination "harkerchess won on time"]

1. e4 c6 2. Nf3 d5 3. e5 Bf5 4. d4 e6 5. Be2 Nd7 6. O-O c5 7. c4 dxc4 8. Nc3 Ne7 9. d5 Nxd5 10. Nxd5 exd5 11. Qxd5 Qc7 12. Bxc4 Nb6 13. Bb5+ Bd7 14. Bxd7+ Qxd7 15. Qxd7+ Nxd7 16. Re1 O-O-O 17. Bg5 Re8 18.
Rad1 g6 19. Bf6 Nxf6 20. exf6 Bh6 21. Ne5 Rhf8 22. Nc4 Kc7 23. h4 b5 24. Ne5 Bf4 25. Rd7+ Kc8 26. Re7 Rxe7 27. fxe7 Re8 28. Nxf7 Kd7 29.
Ne5+ Bxe5 30. Rxe5 Kd6 31. Re2 Rxe7 32. Rd2+ Kc6 33. f4 Re4 34. g3 b4 35. Kf2 c4 36.
Kf3 Re7 37. g4 Kc5 38. f5 gxf5 39. gxf5 c3 40. bxc3 bxc3 41. Rd1 Kc4 42. Kf4 c2 0-1

[Event "*** SCC Grand Prix: Titled Tuesday Blitz"]
[Site "Chess.com"]
[Date "2020.08.04"]
[Round "5"]
[White "PotapovaM"]
[Black "Semen_Khanin"]
[Result "0-1"]
[WhiteElo "2536"]
[BlackElo "2789"]
[TimeControl "180+1"]
[EndTime "14:39:43 PDT"]
[Termination "Semen_Khanin won on time"]

1. d4 Nf6 2. c4 e6 3. Nf3 Bb4+ 4. Nbd2 O-O 5. a3 Be7 6. e4 d6 7. Be2 Nfd7 8. Nb1 e5 9. d5 a5 10. Nc3 Nc5 11. O-O a4 12. Be3 Nba6 13. Nd2 Bd7 14. Qc2 Bg5 15. Bxg5 Qxg5 16. Nb5 f5 17. exf5 Bxf5 18.
Qc3 Rf7 19. Rad1 Raf8 20. Qg3 Qh6 21. Nc3 Bc2 22. Nf3 Bxd1 23. Rxd1 e4 24. Nd4 Rxf2 25.
Ne6 Nxe6 26. dxe6 Qxe6 27. Bf3 R8xf3 28. gxf3 Rxf3 29. Qg5 h6 30. Qg2 Nc5 31. Nd5 c6 32. Nc3 Rf5 33. Kh1 Nd3 34. Rd2 d5 35. cxd5 cxd5 36. h3 Rf3 37. Kh2 Nf4 0-1

[Event "*** SCC Grand Prix: Titled Tuesday Blitz"]
[Site "Chess.com"]
[Date "2020.08.04"]
[Round "5"]
[White "QuintilianoR"]
[Black "chenxiaoyuer"]
[Result "0-1"]
[WhiteElo "2624"]
[BlackElo "2446"]
[TimeControl "180+1"]
[EndTime "14:39:43 PDT"]
[Termination "chenxiaoyuer won on time"]

1. e4 c5 2. Nf3 d6 3. d4 cxd4 4. Nxd4 Nf6 5. Nc3 Nc6 6. Bg5 e6 7. Qd2 Qb6 8. Nb3 Be7 9. O-O-O O-O 10. f3 a6 11. h4 Rd8 12. Be3 Qc7 13. Qf2 Nd7 14. g4 b5 15. Kb1 Nce5 16. Bd3 b4 17. Ne2 a5 18. Nbd4 Nc5 19. Nc1 a4 20. Be2 b3 21. cxb3 axb3 22. Ndxb3 Bd7 23. Nxc5 dxc5 24.
f4 Nc6 25. e5 Nb4 26. Bf3 Bc6 27. Rxd8+ Rxd8 28. a3 Bxf3 29. Qxf3 Nd5 30. Rd1 Qb7 31. Rd2 Nc3+ 0-1

[Event "*** SCC Grand Prix: Titled Tuesday Blitz"]
[Site "Chess.com"]
[Date "2020.08.04"]
[Round "5"]
[White "Bulldog167"]
[Black "amintabatabaei"]
[Result "0-1"]
[WhiteElo "2726"]
[BlackElo "2968"]
[TimeControl "180+1"]
[EndTime "14:39:45 PDT"]
[Termination "amintabatabaei won on time"]

1. d4 Nf6 2. c4 g6 3. Nc3 d5 4. cxd5 Nxd5 5. e4 Nxc3 6. bxc3 Bg7 7. Bc4 c5 8. Ne2 O-O 9. Be3 Nc6 10. h4 cxd4 11. cxd4 Qa5+ 12. Kf1 Qa3 13. Bb3 Rd8 14. h5 a5 15. hxg6 hxg6 16. Qd3 e6 17. Bg5 a4 18.
Bc4 Qxd3 19. Bxd3 Rd7 20. Bb5 Ra5 21. Bxc6 bxc6 22. Be3 Ba6 23. Rd1 Rb5 24. Kg1 Rb2 25.
Nc3 a3 26. Na4 Rxa2 27. Nc5 Be2 28. Rb1 Rd8 29. Kh2 Bxd4 30. Bxd4 Rxd4 31. Rb8+ Kg7 32. Kg3 Rc2 33. Nb7 a2 34. Ra8 Rb2 35. Nd8 Rb1 0-1

[Event "*** SCC Grand Prix: Titled Tuesday Blitz"]
[Site "Chess.com"]
[Date "2020.08.04"]
[Round "5"]
[White "Machidon"]
[Black "kasparicy"]
[Result "1/2-1/2"]
[WhiteElo "2508"]
[BlackElo "2386"]
[TimeControl "180+1"]
[EndTime "14:39:45 PDT"]
[Termination "Game drawn by agreement"]

1. d4 Nf6 2. c4 g6 3. Nc3 d5 4.
cxd5 Nxd5 5. e4 Nxc3 6. bxc3 Bg7 7. Bg5 c5 8. Rc1 O-O 9. Nf3 Nc6 10. d5 Na5 11. h3 h6 12. Be3 b6 13. Qd2 Re8 14. Bb5 Bd7 15. Bxd7 Qxd7 16. Bxh6 Nc4 17. Qg5 e6 18. Bxg7 Kxg7 19. O-O exd5 20. exd5 f6 21.
Qf4 Qxd5 22. Rcd1 Qf7 23. Rd3 Ne5 24. Nxe5 Rxe5 25. Rfd1 Rae8 26. Kh2 R8e7 27. Rg3 Qe6 28. Rd8 Re8 29. Rgd3 Rxd8 30. Rxd8 Qe7 31. Qd2 Re2 32. Qd5 Qe5+ 33. Qxe5 fxe5 34. Rd7+ Kf6 35. Rxa7 Rxf2 36. Ra6 Rb2 37. a4 Kf5 38. a5 b5 39. Rb6 b4 40.
cxb4 cxb4 41. a6 Ra2 42. Kg3 b3 43. Kh4 1/2-1/2

[Event "*** SCC Grand Prix: Titled Tuesday Blitz"]
[Site "Chess.com"]
[Date "2020.08.04"]
[Round "5"]
[White "Caterpiller35"]
[Black "Marreuh"]
[Result "1-0"]
[WhiteElo "2378"]
[BlackElo "2123"]
[TimeControl "180+1"]
[EndTime "14:39:49 PDT"]
[Termination "Caterpiller35 won by checkmate"]

1. d4 Nf6 2. Bg5 d5 3. e3 c5 4. c3 Nc6 5. Nd2 cxd4 6. exd4 Bf5 7. Qb3 Qd7 8. Ngf3 Ne4 9. Nxe4 Bxe4 10. Ne5 Nxe5 11.
dxe5 a6 12. O-O-O h6 13. Be3 e6 14. Bb6 Rc8 15. f3 Bh7 16. Bd3 Bxd3 17. Rxd3 Bc5 18. Rhd1 O-O 19. f4 Bxb6 20. Qxb6 Rc6 21. Qf2 Rfc8 22.
Kb1 Rc4 23. g4 Qa4 24. Rd4 Rxd4 25. Rxd4 Rc4 26. Qd2 Rxd4 27. Qxd4 Qxd4 28. cxd4 Kf8 29. Kc2 Ke7 30. Kc3 Kd7 31. Kb4 b6 32. a4 Kc6 33.
a5 b5 34. Kc3 g6 35. h3 Kd7 36. b3 Kc6 37. Kd3 Kd7 38. Kc3 Kc6 39. Kb4 h5 40. gxh5 gxh5 41. h4 Kc7 42. Kc5 b4 43. Kxb4 Kc6 44.
Ka4 Kc7 45. b4 Kc6 46. b5+ axb5+ 47. Kb4 Kb7 48. Kxb5 Ka7 49. a6 Kb8 50. Kb6 Ka8 51.
a7 f5 52. exf6 e5 53. f7 exd4 54. f8=R# 1-0

[Event "*** SCC Grand Prix: Titled Tuesday Blitz"]
[Site "Chess.com"]
[Date "2020.08.04"]
[Round "5"]
[White "Lagmantr"]
[Black "Alexander_Moskalenko"]
[Result "0-1"]
[WhiteElo "2640"]
[BlackElo "2808"]
[TimeControl "180+1"]
[EndTime "14:39:50 PDT"]
[Termination "Alexander_Moskalenko won on time"]

1. e4 c6 2. d4 d5 3. e5 Bf5 4. Nf3 e6 5. Be2 Ne7 6. O-O Ng6 7. c4 dxc4 8. Bxc4 Be7 9. a4 a5 10. Bd2 c5 11. dxc5 Nc6 12. Bb5 O-O 13. Bxc6 bxc6 14.
Be3 Qb8 15. Nbd2 Rd8 16. Nd4 Nxe5 17. N2f3 Ng4 18. h3 Nxe3 19. fxe3 Bxc5 20. Qc1 Qb6 21. Nxf5 exf5 22. Nd4 Bxd4 23. exd4 Qxd4+ 24. Kh1 g6 25. Qxc6 Qxb2 26. Rab1 Qd2 27. Rb7 Qd5 28. Qb6 Rd6 29. Qb2 Re6 30. Rc1 Rae8 31. Rb8 Rxb8 32. Qxb8+ Kg7 33.
Qb2+ Qe5 34. Qd2 Rd6 35. Qf2 Rd4 36. Qc2 h5 37. Qc3 Re4 38. Qxe5+ Rxe5 39. Ra1 h4 40. Kg1 Re2 41. Kf1 Rb2 42. Rc1 Rb4 43. Ra1 g5 44.
Kf2 Kg6 45. Ke3 f6 46. Kd3 Rb2 0-1

[Event "*** SCC Grand Prix: Titled Tuesday Blitz"]
[Site "Chess.com"]
[Date "2020.08.04"]
[Round "5"]
[White "Sekar24"]
[Black "BillCoe"]
[Result "1-0"]
[WhiteElo "2462"]
[BlackElo "2137"]
[TimeControl "180+1"]
[EndTime "14:39:50 PDT"]
[Termination "Sekar24 won by resignation"]

1. e4 c5 2. Nf3 e6 3. d4 cxd4 4.
Nxd4 a6 5. Bd3 Qc7 6. O-O Nf6 7. Qe2 d6 8. c4 Be7 9. Nc3 O-O 10. f4 Nbd7 11. Kh1 b6 12. f5 e5 13. Nc2 Nc5 14. Bg5 Nxd3 15. Qxd3 h6 16. Bxf6 Bxf6 17. Nd5 Qd8 18.
Nce3 Bb7 19. Ng4 Bg5 20. f6 Bxd5 21. Qxd5 Bxf6 22. Nxf6+ gxf6 23. Rf3 Kh7 24. Raf1 Ra7 25. Rxf6 Kg7 26. Rxd6 Qe7 27. Qd1 f6 28. Qg4+ Kh8 29. Re6 Qg7 30. Qxg7+ Kxg7 31. Rxb6 Rd7 32. h3 Rd2 33. a3 Re2 34. b3 Rxe4 35. Rxa6 Rb8 36. Rf3 Rd8 37. Raxf6 Rd1+ 38. Kh2 Ree1 39. Rf7+ Kg8 40.
Rb7 h5 41. Rg3+ Kh8 42. Rg5 Rh1+ 43. Kg3 Rd3+ 44. Kh4 Rb1 45. Kxh5 Rbxb3 46. Rxb3 Rxb3 47. Rxe5 1-0

[Event "*** SCC Grand Prix: Titled Tuesday Blitz"]
[Site "Chess.com"]
[Date "2020.08.04"]
[Round "5"]
[White "Zarikovs1999"]
[Black "arminmusovic"]
[Result "1-0"]
[WhiteElo "2385"]
[BlackElo "2498"]
[TimeControl "180+1"]
[EndTime "14:39:50 PDT"]
[Termination "Zarikovs1999 won by checkmate"]

1. e4 c6 2. d4 d5 3. Nc3 dxe4 4.
Nxe4 Nf6 5. Nxf6+ exf6 6. c3 Bd6 7.
Bd3 O-O 8. Ne2 Re8 9. Qc2 Kh8 10. O-O Nd7 11. Bf4 Nf8 12. Bxd6 Qxd6 13. Ng3 Be6 14.
f4 Rad8 15. f5 Bc8 16. Qf2 b6 17. Rae1 Bb7 18. Qf3 Qc7 19. Nh5 Nd7 20. Qg4 Rg8 21. Re7 Rdf8 22. Rfe1 Bc8 23. Bc4 g6 24. Nxf6 Nxf6 25.
Qh4 Qd6 26. Bxf7 Bxf5 27. Bxg8 Rxg8 28. R1e6 Qxe7 29. Rxe7 Rf8 30. Qh6 Rg8 31. Rf7 Ng4 32. Qf4 Nh6 33. Qe5+ Rg7 34. Qxg7# 1-0

[Event "*** SCC Grand Prix: Titled Tuesday Blitz"]
[Site "Chess.com"]
[Date "2020.08.04"]
[Round "5"]
[White "bratkoo"]
[Black "ellatambien"]
[Result "1-0"]
[WhiteElo "2508"]
[BlackElo "2335"]
[TimeControl "180+1"]
[EndTime "14:39:52 PDT"]
[Termination "bratkoo won on time"]

1. e4 e5 2. Nf3 Nc6 3. Bc4 Nf6 4. d3 h6 5. O-O d6 6. a4 a5 7. Re1 g6 8. d4 Bg4 9. dxe5 Nxe5 10. Nxe5 Bxd1 11.
Nxf7 Qd7 12. e5 d5 13. Nxh8 O-O-O 14. Bd3 Ne4 15. Rxd1 Nxf2 16. Kxf2 Bc5+ 17. Be3 Bxe3+ 18. Kxe3 Rxh8 19. Nd2 Qg4 20. Rf1 Re8 21. Nf3 c5 22. Rf2 c4 23. Bf1 d4+ 24. Kd2 Qf4+ 25. Kd1 Rxe5 26.
Bxc4 Re3 27. Bd3 g5 28. Rf1 g4 29. Nd2 Qxh2 30. Be4 Kb8 31. Ra3 1-0

[Event "*** SCC Grand Prix: Titled Tuesday Blitz"]
[Site "Chess.com"]
[Date "2020.08.04"]
[Round "5"]
[White "Yoshikrov"]
[Black "Lenyas66"]
[Result "0-1"]
[WhiteElo "2138"]
[BlackElo "2499"]
[TimeControl "180+1"]
[EndTime "14:39:52 PDT"]
[Termination "Lenyas66 won by resignation"]

1. e4 c5 2. Nf3 e6 3. d4 cxd4 4.
Nxd4 Nc6 5. Nc3 a6 6. Be2 Nge7 7.
O-O Nxd4 8. Qxd4 Nc6 9. Qd1 b5 10. a3 Bb7 11. f4 Bc5+ 12. Kh1 O-O 13. Bf3 Nd4 14. Qd3 Nxf3 15. Qxf3 f5 16. Be3 fxe4 17. Nxe4 Be7 18. Bd4 Rf7 19. Qe3 Qc7 20. c3 Raf8 21. g3 Qc6 22. Rae1 d6 23. Kg1 e5 24. fxe5 Rxf1+ 25. Rxf1 Rxf1+ 26. Kxf1 Qxe4 27. Qxe4 Bxe4 28. exd6 Bxd6 29.
Kf2 g5 30. Ke3 Bc6 31. Kd3 Kf7 32. c4 Ke6 33. cxb5 Bxb5+ 34. Kc3 Kd5 35. Bf6 g4 36. b3 Ke4 37. a4 Bf1 0-1

[Event "*** SCC Grand Prix: Titled Tuesday Blitz"]
[Site "Chess.com"]
[Date "2020.08.04"]
[Round "5"]
[White "Stormeman100100"]
[Black "1977Ivan"]
[Result "0-1"]
[WhiteElo "2445"]
[BlackElo "2686"]
[TimeControl "180+1"]
[EndTime "14:39:54 PDT"]
[Termination "1977Ivan won by checkmate"]

1. e4 c5 2. Nf3 e6 3. Nc3 Nc6 4. d4 cxd4 5. Nxd4 Qc7 6. Be3 a6 7. Bd3 Nf6 8. O-O h5 9. Nf3 b5 10.
Re1 Bb7 11. Nd5 exd5 12. exd5 Ne7 13. c4 bxc4 14. Rc1 Bxd5 15. Bg5 Be6 16. Qa4 Nc6 17. Bxc4 Be7 18. Ne5 O-O 19. Bxe6 fxe6 20. Ng6 Rf7 21. Qh4 Qa5 22. a3 Qf5 23. Nxe7+ Nxe7 24. Bd2 Ng6 25. Qg3 h4 26. Qe3 Nd5 27. Qd4 Raf8 28. f3 h3 29. Re2 Ngf4 30. Rf2 hxg2 31. Rc5 Nh3+ 32. Kxg2 Nxf2 33. Qxf2 Qg6+ 34. Qg3 Qxg3+ 35.
hxg3 Rxf3 36. Be1 Ne3+ 37. Kh3 Rf1 38. Kh4 Rxe1 39. Kg5 Rf5+ 40. Rxf5 Nxf5 41. Kg6 Ne7+ 42. Kg5 Re5+ 43. Kh4 Kf7 44. g4 Kf6 45. g5+ Kf5 46. b4 Ng6+ 47. Kh5 Re4 48. a4 Rh4# 0-1

[Event "*** SCC Grand Prix: Titled Tuesday Blitz"]
[Site "Chess.com"]
[Date "2020.08.04"]
[Round "5"]
[White "Slovak_fighter2000"]
[Black "Rodalquilar"]
[Result "1-0"]
[WhiteElo "2457"]
[BlackElo "2635"]
[TimeControl "180+1"]
[EndTime "14:39:55 PDT"]
[Termination "Slovak_fighter2000 won on time"]

1. d4 d5 2. c4 dxc4 3. Nf3 Nf6 4. Qa4+ c6 5. Qxc4 Bf5 6. g3 e6 7. Bg2 Nbd7 8. O-O Be7 9. Nc3 O-O 10. Bf4 h6 11. Ne5 Qb6 12. e4 Bh7 13. Nxd7 Nxd7 14.
d5 cxd5 15. exd5 Rac8 16. Qe2 e5 17. Be3 Bc5 18. Na4 Qb4 19. Nxc5 Nxc5 20. a3 Qb3 21. Rfc1 Nd3 22. Rxc8 Rxc8 23. Qg4 f5 24. Qh4 Qxb2 25. Rf1 Rf8 26. Qe7 f4 27. Bxa7 f3 28. Bh3 e4 29.
Be6+ Kh8 30. Qxf8+ 1-0

[Event "*** SCC Grand Prix: Titled Tuesday Blitz"]
[Site "Chess.com"]
[Date "2020.08.04"]
[Round "5"]
[White "dosto07"]
[Black "coocloo"]
[Result "1-0"]
[WhiteElo "2285"]
[BlackElo "1987"]
[TimeControl "180+1"]
[EndTime "14:39:56 PDT"]
[Termination "dosto07 won by resignation"]

1. e4 e5 2. Nf3 Nc6 3. Bb5 Nf6 4. O-O Bc5 5. c3 O-O 6. d4 Bb6 7. Qd3 d6 8. Bg5 h6 9. Bh4 g5 10. Nxg5 hxg5 11. Bxg5 exd4 12. Bh4 Ne5 13. Qg3+ Ng6 14.
Nd2 dxc3 15. bxc3 c6 16. Bd3 Qe7 17. e5 Qxe5 18. Qxe5 dxe5 19. Bxf6 Re8 20. Nc4 e4 21. Bc2 Re6 22. Bd4 Bxd4 23. cxd4 b5 24. Ne3 Bb7 25.
Bb3 Rd6 26. Nf5 Rd7 27. a4 bxa4 28. Rxa4 Nf4 29. Re1 c5 30. dxc5 Nd3 31. Rd1 Nxc5 32. Rxd7 Nxd7 33. Nd6 Bc6 34. Bxf7+ Kf8 35. Rc4 Rb8 36.
h4 Ba8 37. Be6 Ke7 38. Bxd7 Kxd7 39. Nxe4 Rb1+ 40. Kh2 Re1 41. Ng3 Ra1 42. h5 Ra2 43.
Rf4 Ra1 44. h6 Ra6 45. Rh4 Bd5 46. h7 1-0

[Event "*** SCC Grand Prix: Titled Tuesday Blitz"]
[Site "Chess.com"]
[Date "2020.08.04"]
[Round "5"]
[White "MarcoRiehle"]
[Black "Beca95"]
[Result "0-1"]
[WhiteElo "2744"]
[BlackElo "2887"]
[TimeControl "180+1"]
[EndTime "14:39:58 PDT"]
[Termination "Beca95 won by resignation"]

1. e4 d6 2. d4 Nf6 3. f3 Nbd7 4.
Be3 e5 5. d5 c6 6. c4 Be7 7.
Qd2 a6 8. Nc3 cxd5 9. cxd5 b5 10. Bd3 h5 11. Nge2 h4 12. a3 O-O 13. O-O Nh5 14. Rfc1 g6 15. Na2 Nc5 16. Bc2 Bd7 17. Nb4 Rc8 18. Nd3 Nxd3 19. Bxd3 f5 20. Rxc8 Qxc8 21. Rc1 Qd8 22. Rc2 f4 23. Bf2 h3 24.
gxh3 Bh4 25. Nc1 Bxh3 26. Bxh4 Qxh4 27. Qf2 Qe7 28. Bf1 Qg5+ 29. Kh1 Ng3+ 30. hxg3 fxg3 31. Qe2 Bd7 32. Kg1 Qh4 33. Rc7 Rxf3 34. Qg2 Rf2 35. Rxd7 Rxg2+ 36. Bxg2 Qf4 0-1

[Event "*** SCC Grand Prix: Titled Tuesday Blitz"]
[Site "Chess.com"]
[Date "2020.08.04"]
[Round "5"]
[White "serena-maria"]
[Black "kleopl"]
[Result "1/2-1/2"]
[WhiteElo "2254"]
[BlackElo "2451"]
[TimeControl "180+1"]
[EndTime "14:40:05 PDT"]
[Termination "Game drawn - insufficient material"]

1. Nf3 Nf6 2. g3 g6 3. Bg2 Bg7 4. O-O O-O 5. c4 c6 6. Nc3 d5 7. cxd5 cxd5 8. d4 Ne4 9. Ne5 Nxc3 10. bxc3 Nd7 11. Nxd7 Qxd7 12. Qb3 e6 13. e4 dxe4 14.
Bxe4 e5 15. Ba3 Rd8 16. d5 b6 17. d6 Bb7 18. Bxb7 Qxb7 19. Rad1 Rd7 20. Qd5 Qxd5 21.
Rxd5 Rc8 22. Rc1 Rc6 23. c4 f6 24. c5 Kf7 25. cxb6 Rxc1+ 26. Bxc1 axb6 27. Be3 Ke6 28. Rb5 Rb7 29. Rxb6 Rxb6 30. Bxb6 Kxd6 31. a4 Kc6 32. a5 Kb5 33. Kg2 f5 34. Kf3 e4+ 35. Ke3 Bc3 36. f3 exf3 37. Kxf3 Bxa5 38. Bxa5 Kxa5 39.
Kf4 Kb5 40. Kg5 Kc4 41. Kh6 Kd5 42. h4 Ke4 43. Kxh7 Kf3 44. Kxg6 Kxg3 45. h5 f4 46. h6 f3 47. h7 f2 48. h8=Q f1=Q 49. Qe5+ Qf4 50. Qxf4+ Kxf4 1/2-1/2

[Event "*** SCC Grand Prix: Titled Tuesday Blitz"]
[Site "Chess.com"]
[Date "2020.08.04"]
[Round "5"]
[White "KatarinaOstojic"]
[Black "Bacyanide"]
[Result "1-0"]
[WhiteElo "2213"]
[BlackElo "2414"]
[TimeControl "180+1"]
[EndTime "14:40:05 PDT"]
[Termination "KatarinaOstojic won on time"]

1. e4 e5 2. Nf3 Nc6 3. Bb5 a6 4. Ba4 Nf6 5. d3 b5 6. Bb3 Bc5 7. a3 O-O 8. Nc3 d6 9. h3 h6 10. O-O Be6 11. Nd5 Bxd5 12. exd5 Ne7 13. c4 bxc4 14.
dxc4 Nf5 15. Bc2 e4 16. Nd2 Re8 17. Nb3 Ba7 18. Bf4 g5 19. Bh2 Qd7 20. Na5 e3 21. Ba4 exf2+ 22. Kh1 Qe7 23. Bxe8 Rxe8 24. Nc6 Qe3 25.
Nxa7 Qxa7 26. Qf3 Ne3 27. Qxf2 Rf8 28. Rae1 Nd7 29. Qxe3 Qb7 30. b4 Nb6 31. Qd4 Qc8 32. Rf6 Qd7 33. Rxh6 f6 34. Rxf6 Rxf6 35. Qxf6 Nxc4 36.
Qxg5+ Kh8 37. Re7 1-0

[Event "*** SCC Grand Prix: Titled Tuesday Blitz"]
[Site "Chess.com"]
[Date "2020.08.04"]
[Round "5"]
[White "XiaoKangZhong"]
[Black "spacegirl987"]
[Result "1-0"]
[WhiteElo "2404"]
[BlackElo "1944"]
[TimeControl "180+1"]
[EndTime "14:40:06 PDT"]
[Termination "XiaoKangZhong won by checkmate"]

1. e4 c5 2. c3 d5 3. exd5 Qxd5 4.
d4 Nc6 5. Nf3 Bg4 6. Be2 e6 7.
Be3 Nf6 8. h3 Bh5 9. Na3 Be7 10.
Nb5 Qd7 11. dxc5 Qxd1+ 12. Rxd1 O-O 13. Nd6 Rab8 14. O-O Nd5 15. Bd4 b6 16. Rd2 bxc5 17. Bxc5 Rfd8 18. Ne4 Bxc5 19. Nxc5 Nf4 20. Rxd8+ Rxd8 21. Bb5 Bxf3 22. gxf3 Ne5 23. Ba4 Nxf3+ 24. Kh1 Rd2 25.
Rd1 Rxd1+ 26. Bxd1 Ne5 27. Kh2 Nfd3 28. Nxd3 Nxd3 29.
b4 Nxf2 30. Bc2 f5 31. Kg3 Ne4+ 32. Bxe4 fxe4 33. Kf4 Kf7 34. Kxe4 Ke7 35. c4 Kd6 36. a4 g5 37. c5+ Kc6 38. Kd4 h5 39. b5+ Kc7 40. Ke5 Kb7 41. a5 Kc7 42. a6 Kb8 43. b6 axb6 44. cxb6 Ka8 45. Kd6 g4 46. Kc7 g3 47. b7+ Ka7 48. b8=Q+ Kxa6 49. Qb6# 1-0

[Event "*** SCC Grand Prix: Titled Tuesday Blitz"]
[Site "Chess.com"]
[Date "2020.08.04"]
[Round "5"]
[White "csati17"]
[Black "Dedic8"]
[Result "1-0"]
[WhiteElo "2608"]
[BlackElo "2780"]
[TimeControl "180+1"]
[EndTime "14:40:08 PDT"]
[Termination "csati17 won by resignation"]

1. c4 e5 2. g3 Nf6 3. Bg2 c6 4. Nf3 e4 5. Nd4 Qb6 6. Nc2 Bc5 7. O-O d5 8. d3 exd3 9. Qxd3 dxc4 10.
Qxc4 Be6 11. Qd3 Nbd7 12. Nc3 Ne5 13. Na4 Nxd3 14. Nxb6 Bxb6 15. exd3 O-O-O 16. d4 Bf5 17. Ne3 Bg6 18. d5 cxd5 19. a4 Bc7 20. Bd2 d4 21.
Nc4 Kb8 22. Rfe1 Rhe8 23. Rxe8 Rxe8 24. a5 a6 25. Rc1 Ne4 26. Bb4 d3 27. Nb6 Rd8 28.
Rd1 Nf6 29. Bd2 h5 30. Rc1 h4 31. Rc4 hxg3 32. hxg3 Re8 33. Bf3 Bh5 34. Bxh5 Nxh5 35. Nd7+ Kc8 36. Nb6+ Kd8 37. Rd4+ Ke7 38. Rd7+ Ke6 39.
Rxc7 1-0

[Event "*** SCC Grand Prix: Titled Tuesday Blitz"]
[Site "Chess.com"]
[Date "2020.08.04"]
[Round "5"]
[White "Chesswizard_2007"]
[Black "rynos0411"]
[Result "1-0"]
[WhiteElo "2511"]
[BlackElo "2363"]
[TimeControl "180+1"]
[EndTime "14:40:08 PDT"]
[Termination "Chesswizard_2007 won on time"]

1. Nf3 Nf6 2. b3 g6 3. Bb2 Bg7 4. e3 O-O 5. d4 d6 6. Be2 Nc6 7. O-O e5 8. dxe5 Ng4 9. c4 Ngxe5 10. Nxe5 Nxe5 11. Nc3 Bf5 12. h3 Re8 13. Qd2 Qd7 14. Nd5 c6 15. Nf4 Rad8 16. Rad1 Qe7 17. Bd4 b6 18. a4 Qc7 19. a5 Be4 20. f3 Bf5 21. e4 Be6 22. Kh1 Rd7 23. Nxe6 fxe6 24. f4 Nf7 25.
Bxg7 Kxg7 26. a6 c5 27. Qc3+ Kg8 28. Bg4 Nd8 29. f5 Nc6 30. fxe6 Rde7 31. Qg3 Ne5 32. Rf6 Qc6 33. Qf4 Kg7 34. Rf1 Qc7 35. h4 Nxg4 36. Qxg4 Qc6 37. Rf7+ Rxf7 38. Rxf7+ Kg8 39. h5 1-0